TOP OF THE 1ST |
University of California Golden Bears batting - Pitching for Ohio State University Buckeyes : RHP Kyle Collins
|
Pitching: RHP Kyle Collins
|
|
Batting: LHB Luis Orellana
|
0-0: Ball 1-0: Ball 2-0: SINGLE (Line Drive, 7S, EV 105.6 MPH)
|
Batting: LHB Mario Molina
|
0-0: Called Strike Luis Orellana is caught stealing 2nd base 2-6 0-1: Ball 1-1: Swinging Strike 1-2: SOLO HOME RUN (Flyball, 9LD, EV 95.6 MPH), Distance : 335 ft
|
Batting: LHB Carlos Gaona
|
0-0: Ball 1-0: Fly out, F9 (Flyball, 89D, EV 90.0 MPH)
|
Batting: RHB Nate Mahon
|
0-0: Ball 1-0: Fly out, F8 (Flyball, 8RXD, EV 77.5 MPH)
|
Top of the 1st over - 1 run, 2 hits, 0 errors, 0 left on base; University of California 1 - Ohio State University 0 |
BOTTOM OF THE 1ST |
Ohio State University Buckeyes batting - Pitching for University of California Golden Bears : RHP Frank Salinas
|
Pitching: RHP Frank Salinas
|
|
Batting: RHB David Guillen
|
0-0: Called Strike 0-1: Ball 1-1: Ball 2-1: Called Strike 2-2: Strikes out looking
|
Batting: RHB Jacob Carrano
|
0-0: Ground out U3 (Groundball, 34S, EV 80.0 MPH)
|
Batting: LHB Tony Abascal
|
0-0: Called Strike 0-1: Fly out, F9 (Flyball, 9, EV 91.2 MPH)
|
Bottom of the 1st over - 0 runs, 0 hits, 0 errors, 0 left on base; University of California 1 - Ohio State University 0 |
TOP OF THE 2ND |
University of California Golden Bears batting - Pitching for Ohio State University Buckeyes : RHP Kyle Collins
|
Batting: SHB Nick Jansen
|
0-0: Ball 1-0: Ball 2-0: Foul Ball, location: 2F 2-1: Ground out 5-3 (Groundball, 5, EV 96.2 MPH)
|
Batting: RHB Jason Béllanger
|
0-0: Ball 1-0: Foul Ball, location: 2F 1-1: Swinging Strike 1-2: SINGLE (Line Drive, 7LM, EV 98.1 MPH)
|
Batting: RHB Mike Wilson
|
0-0: Ball 1-0: SINGLE (Groundball, 5S, EV 74.4 MPH) (infield hit) Jason Béllanger to second
|
Pinch Runner at 1st Marcos Zamora:
|
|
Batting: RHB Juan Debayle
|
0-0: Foul Ball, location: 2F 0-1: Foul Ball, location: 2F 0-2: Ball 1-2: Ball 2-2: Strikes out looking
|
Batting: RHB Jake Ralston
|
0-0: SINGLE (Groundball, 4M, EV 106.2 MPH) (infield hit) Jason Béllanger to third Marcos Zamora to second
|
Batting: LHB Luis Orellana
|
0-0: Swinging Strike 0-1: Swinging Strike 0-2: Ball Wild Pitch! Jason Béllanger scores Marcos Zamora to third Jake Ralston to second 1-2: SINGLE (Flyball, 89M, EV 88.1 MPH) Marcos Zamora scores Jake Ralston to third Runner from 3rd tries for Home, SAFE, throw by CF to home
|
Batting: LHB Mario Molina
|
0-0: Ball 1-0: Foul Ball, location: 2F 1-1: Fielders Choice at 2nd, 6-4 (Groundball, 6, EV 82.5 MPH)
|
Top of the 2nd over - 3 runs, 4 hits, 0 errors, 1 left on base; University of California 4 - Ohio State University 0 |
BOTTOM OF THE 2ND |
Ohio State University Buckeyes batting - Pitching for University of California Golden Bears : RHP Frank Salinas
|
Now at 2B: Marcos Zamora
|
|
Batting: RHB Tristan Gimple
|
0-0: Called Strike 0-1: Reached on error, E4 (Groundball, 6MD, EV 84.4 MPH)
|
Batting: LHB Zach Brandt
|
0-0: Called Strike 0-1: Ball 1-1: Ball Wild Pitch! Tristan Gimple to second 2-1: Foul Ball, location: 2F 2-2: 2-RUN HOME RUN (Flyball, 9D, EV 97.5 MPH), Distance : 374 ft
|
Batting: LHB Anthony Ross
|
0-0: Ball 1-0: SINGLE (Groundball, 34S, EV 65.6 MPH) (infield hit)
|
Batting: LHB Adam Simpson
|
0-0: Called Strike 0-1: Ball 1-1: Called Strike Anthony Ross steals 2nd base 1-2: Strikes out swinging
|
Batting: LHB Ben Callaway
|
0-0: Fly out, F8 (Flyball, 8LM, EV 88.1 MPH)
|
Batting: RHB Bo Wu
|
0-0: Foul Ball, location: 2F 0-1: Called Strike 0-2: Foul Ball, location: 2F 0-2: Ball 1-2: Ball 2-2: Fly out, F7 (Line Drive, 7, EV 89.4 MPH)
|
Bottom of the 2nd over - 2 runs, 2 hits, 1 error, 1 left on base; University of California 4 - Ohio State University 2 |
TOP OF THE 3RD |
University of California Golden Bears batting - Pitching for Ohio State University Buckeyes : RHP Kyle Collins
|
Batting: LHB Carlos Gaona
|
0-0: Called Strike 0-1: Foul Ball, location: 2F 0-2: Ball 1-2: Foul Ball, location: 2F 1-2: Ground out 4-3 (Groundball, 4, EV 85.0 MPH)
|
Batting: RHB Nate Mahon
|
0-0: Called Strike 0-1: Ball 1-1: SINGLE (Groundball, 4D, EV 99.4 MPH)
|
Batting: SHB Nick Jansen
|
0-0: Swinging Strike 0-1: Foul Ball, location: 2F 0-2: Ball 1-2: Ball 2-2: Strikes out looking
|
Batting: RHB Jason Béllanger
|
0-0: Ball 1-0: Fielders Choice at 2nd, 5-4 (Groundball, 56, EV 82.5 MPH)
|
Top of the 3rd over - 0 runs, 1 hit, 0 errors, 1 left on base; University of California 4 - Ohio State University 2 |
BOTTOM OF THE 3RD |
Ohio State University Buckeyes batting - Pitching for University of California Golden Bears : RHP Frank Salinas
|
Batting: RHB David Guillen
|
0-0: Foul Ball, location: 2F 0-1: Ball 1-1: Swinging Strike 1-2: Strikes out looking
|
Batting: RHB Jacob Carrano
|
0-0: Ball 1-0: Called Strike 1-1: Foul Ball, location: 2F 1-2: Ball 2-2: Ball 3-2: Foul Ball, location: 2F 3-2: Fly out, F9 (Line Drive, 9, EV 90.6 MPH)
|
Batting: LHB Tony Abascal
|
0-0: Ball 1-0: Ball 2-0: Fly out, F9 (Line Drive, 9, EV 98.8 MPH)
|
Bottom of the 3rd over - 0 runs, 0 hits, 0 errors, 0 left on base; University of California 4 - Ohio State University 2 |
TOP OF THE 4TH |
University of California Golden Bears batting - Pitching for Ohio State University Buckeyes : RHP Kyle Collins
|
Batting: RHB Marcos Zamora
|
0-0: Foul Ball, location: 2F 0-1: Foul Ball, location: 2F 0-2: Strikes out swinging
|
Batting: RHB Juan Debayle
|
0-0: Called Strike 0-1: Called Strike 0-2: Ball 1-2: Ball 2-2: Foul Ball, location: 2F 2-2: Strikes out swinging
|
Batting: RHB Jake Ralston
|
0-0: Called Strike 0-1: Fly out, F9 (Flyball, 9D, EV 80.0 MPH)
|
Top of the 4th over - 0 runs, 0 hits, 0 errors, 0 left on base; University of California 4 - Ohio State University 2 |
BOTTOM OF THE 4TH |
Ohio State University Buckeyes batting - Pitching for University of California Golden Bears : RHP Frank Salinas
|
Batting: RHB Tristan Gimple
|
0-0: Called Strike 0-1: Ball 1-1: Swinging Strike 1-2: Ball 2-2: SINGLE (Line Drive, 9S, EV 97.5 MPH)
|
Batting: LHB Zach Brandt
|
0-0: Ball 1-0: Ball 2-0: Called Strike 2-1: Foul Ball, location: 2F 2-2: Strikes out looking
|
Batting: LHB Anthony Ross
|
0-0: Ball 1-0: Ball 2-0: Ground out 4-3 (Groundball, 34D, EV 99.4 MPH) Tristan Gimple to second
|
Batting: LHB Adam Simpson
|
0-0: Called Strike 0-1: Called Strike 0-2: Ball 1-2: Fly out, F7 (Flyball, 78M, EV 80.0 MPH)
|
Bottom of the 4th over - 0 runs, 1 hit, 0 errors, 1 left on base; University of California 4 - Ohio State University 2 |
TOP OF THE 5TH |
University of California Golden Bears batting - Pitching for Ohio State University Buckeyes : RHP Kyle Collins
|
Batting: LHB Luis Orellana
|
0-0: Ball 1-0: Foul Ball, location: 2F 1-1: Ball 2-1: Ground out 6-3 (Groundball, 6, EV 82.5 MPH)
|
Batting: LHB Mario Molina
|
0-0: Called Strike 0-1: Foul Ball, location: 2F 0-2: Ball 1-2: Foul Ball, location: 2F 1-2: Foul Ball, location: 2F 1-2: Ball 2-2: Ball 3-2: Base on Balls
|
Batting: LHB Carlos Gaona
|
0-0: Ball 1-0: Foul Ball, location: 2F 1-1: Swinging Strike 1-2: Foul Ball, location: 2F 1-2: Ball 2-2: Foul Ball, location: 2F 2-2: Ball 3-2: Base on Balls Mario Molina to second
|
Batting: RHB Nate Mahon
|
0-0: Ball 1-0: Ball 2-0: Called Strike 2-1: Ball 3-1: Base on Balls Mario Molina to third Carlos Gaona to second
|
Batting: SHB Nick Jansen
|
0-0: Ball 1-0: Called Strike 1-1: SINGLE (Line Drive, 6MD, EV 108.1 MPH) Mario Molina scores Carlos Gaona to third Nate Mahon to second
|
Pitching: RHP Andy Hollis
|
|
Batting: RHB Jason Béllanger
|
0-0: Called Strike 0-1: Foul Ball, location: 2F 0-2: Strikes out looking
|
Batting: RHB Marcos Zamora
|
0-0: Ball 1-0: Called Strike 1-1: Called Strike 1-2: Fly out, F7 (Flyball, 78M, EV 94.4 MPH)
|
Top of the 5th over - 1 run, 1 hit, 0 errors, 3 left on base; University of California 5 - Ohio State University 2 |
BOTTOM OF THE 5TH |
Ohio State University Buckeyes batting - Pitching for University of California Golden Bears : RHP Frank Salinas
|
Batting: LHB Ben Callaway
|
0-0: Foul Ball, location: 2F 0-1: Foul Ball, location: 2F 0-2: Fly out, F8 (Flyball, 8RXD, EV 96.9 MPH)
|
Batting: RHB Bo Wu
|
0-0: Ball 1-0: Called Strike 1-1: Foul Ball, location: 2F 1-2: Foul Ball, location: 2F 1-2: Ball 2-2: Ball 3-2: SINGLE (Line Drive, 6M, EV 106.9 MPH)
|
Batting: RHB David Guillen
|
0-0: Foul Ball, location: 2F 0-1: Ball 1-1: Ball 2-1: Foul Ball, location: 2F 2-2: Ball Wild Pitch! Bo Wu to second 3-2: Ground out 6-3 (Groundball, 56, EV 84.4 MPH)
|
Batting: RHB Jacob Carrano
|
0-0: Ground out 6-3 (Groundball, 6MS, EV 70.0 MPH)
|
Bottom of the 5th over - 0 runs, 1 hit, 0 errors, 1 left on base; University of California 5 - Ohio State University 2 |
TOP OF THE 6TH |
University of California Golden Bears batting - Pitching for Ohio State University Buckeyes : RHP Andy Hollis
|
Batting: RHB Juan Debayle
|
0-0: Ball 1-0: Ball 2-0: Ball 3-0: Base on Balls
|
Batting: RHB Jake Ralston
|
0-0: Sac Bunt to 13 - play at first, batter OUT! 1-3 Juan Debayle to second
|
Batting: LHB Luis Orellana
|
0-0: Ball 1-0: Called Strike 1-1: Ground out 6-3 (Groundball, 56, EV 83.1 MPH)
|
Batting: LHB Mario Molina
|
0-0: Ball 1-0: Foul Ball, location: 2F 1-1: Swinging Strike 1-2: Foul Ball, location: 2F 1-2: Foul Ball, location: 2F 1-2: Ball 2-2: Ball 3-2: Foul Ball, location: 2F 3-2: Fly out, F8 (Flyball, 8LD, EV 108.1 MPH)
|
Top of the 6th over - 0 runs, 0 hits, 0 errors, 1 left on base; University of California 5 - Ohio State University 2 |
BOTTOM OF THE 6TH |
Ohio State University Buckeyes batting - Pitching for University of California Golden Bears : RHP Frank Salinas
|
Batting: LHB Tony Abascal
|
0-0: Ground out 4-3 (Groundball, 4S, EV 69.4 MPH)
|
Batting: RHB Tristan Gimple
|
0-0: Ball 1-0: Ball 2-0: Foul Ball, location: 2F 2-1: SOLO HOME RUN (Flyball, 78XD, EV 106.2 MPH), Distance : 429 ft
|
Batting: LHB Zach Brandt
|
0-0: Ball 1-0: Swinging Strike 1-1: Swinging Strike 1-2: Foul Ball, location: 2F 1-2: Foul Ball, location: 2F 1-2: Foul Ball, location: 2F 1-2: Ball 2-2: Ball 3-2: SINGLE (Groundball, 4MD, EV 109.4 MPH)
|
Pitching: RHP Jim Plessis
|
|
Batting: LHB Anthony Ross
|
0-0: Called Strike 0-1: Ball 1-1: Ball 2-1: Ball 3-1: Foul Ball, location: 2F 3-2: Fielders Choice at 2nd, 5-4 (Groundball, 56, EV 83.1 MPH)
|
Batting: LHB Adam Simpson
|
0-0: Called Strike 0-1: SINGLE (Groundball, 4MD, EV 102.5 MPH) (infield hit) Anthony Ross to second
|
Batting: LHB Ben Callaway
|
0-0: Called Strike 0-1: Ball 1-1: Foul Ball, location: 2F 1-2: Ball 2-2: Ball 3-2: Base on Balls Anthony Ross to third Adam Simpson to second
|
Batting: RHB Bo Wu
|
0-0: Called Strike 0-1: Called Strike 0-2: Ball 1-2: Fly out, F4 (Line Drive, 4, EV 68.8 MPH)
|
Bottom of the 6th over - 1 run, 3 hits, 0 errors, 3 left on base; University of California 5 - Ohio State University 3 |
TOP OF THE 7TH |
University of California Golden Bears batting - Pitching for Ohio State University Buckeyes : RHP Andy Hollis
|
Pitching: LHP Adrien Leroy
|
|
Batting: LHB Carlos Gaona
|
0-0: Ball 1-0: Foul Ball, location: 2F 1-1: Ball 2-1: DOUBLE (Flyball, 8RXD, EV 98.1 MPH)
|
Batting: RHB Nate Mahon
|
0-0: Foul Ball, location: 2F 0-1: Foul Ball, location: 2F 0-2: Ball 1-2: Ball 2-2: Ball 3-2: Strikes out looking
|
Batting: SHB Nick Jansen
|
0-0: Ball 1-0: Ball 2-0: Called Strike 2-1: Ball 3-1: Foul Ball, location: 2F 3-2: Strikes out looking
|
Batting: RHB Jason Béllanger
|
0-0: Ball 1-0: Ball 2-0: Foul Ball, location: 2F 2-1: Foul Ball, location: 2F 2-2: Foul Ball, location: 2F 2-2: Foul Ball, location: 2F 2-2: Foul Ball, location: 2F 2-2: Fly out, F9 (Flyball, 9, EV 75.0 MPH)
|
Top of the 7th over - 0 runs, 1 hit, 0 errors, 1 left on base; University of California 5 - Ohio State University 3 |
BOTTOM OF THE 7TH |
Ohio State University Buckeyes batting - Pitching for University of California Golden Bears : RHP Jim Plessis
|
Now at 1B: Jonathan Sosa
|
|
Batting: RHB David Guillen
|
0-0: Swinging Strike 0-1: Called Strike 0-2: Strikes out swinging
|
Batting: RHB Jacob Carrano
|
0-0: Called Strike 0-1: Foul Ball, location: 2F 0-2: Strikes out swinging
|
Pitching: LHP Adam Gavel
|
|
Batting: LHB Tony Abascal
|
0-0: Ball 1-0: Fly out, F8 (Flyball, 8LD, EV 104.4 MPH)
|
Bottom of the 7th over - 0 runs, 0 hits, 0 errors, 0 left on base; University of California 5 - Ohio State University 3 |
TOP OF THE 8TH |
University of California Golden Bears batting - Pitching for Ohio State University Buckeyes : LHP Adrien Leroy
|
Batting: RHB Marcos Zamora
|
0-0: Called Strike 0-1: Fly out, F8 (Line Drive, 8RD, EV 86.9 MPH)
|
Batting: RHB Juan Debayle
|
0-0: Ball 1-0: Foul Ball, location: 2F 1-1: Called Strike 1-2: Ground out 6-3 (Groundball, 6S, EV 66.9 MPH)
|
Batting: RHB Jake Ralston
|
0-0: Ball 1-0: Ground out 4-3 (Groundball, 4S, EV 82.5 MPH)
|
Top of the 8th over - 0 runs, 0 hits, 0 errors, 0 left on base; University of California 5 - Ohio State University 3 |
BOTTOM OF THE 8TH |
Ohio State University Buckeyes batting - Pitching for University of California Golden Bears : LHP Adam Gavel
|
Pitching: RHP Howie Abrams
|
|
Batting: RHB Tristan Gimple
|
0-0: Ball 1-0: Ball 2-0: Foul Ball, location: 2F 2-1: SINGLE (Line Drive, 78S, EV 101.9 MPH)
|
Pitching: RHP Steve Clothier
|
|
Batting: LHB Zach Brandt
|
0-0: Ball 1-0: Called Strike 1-1: Foul Ball, location: 2F 1-2: Strikes out looking
|
Batting: LHB Anthony Ross
|
0-0: Called Strike 0-1: Foul Ball, location: 2F 0-2: Ball 1-2: Ball 2-2: Foul Ball, location: 2F 2-2: Foul Ball, location: 2F 2-2: Foul Ball, location: 2F 2-2: Fly out, F6 (Line Drive, 6, EV 70.6 MPH)
|
Batting: LHB Adam Simpson
|
0-0: Hit by Pitch Tristan Gimple to second
|
Pitching: RHP Luis Rojas
|
|
Batting: LHB Ben Callaway
|
0-0: Called Strike 0-1: Ball 1-1: Ball 2-1: Foul Ball, location: 2F 2-2: Strikes out swinging
|
Bottom of the 8th over - 0 runs, 1 hit, 0 errors, 2 left on base; University of California 5 - Ohio State University 3 |
TOP OF THE 9TH |
University of California Golden Bears batting - Pitching for Ohio State University Buckeyes : LHP Adrien Leroy
|
Pitching: RHP Bob Rowsell
|
|
Batting: LHB Luis Orellana
|
0-0: Foul Ball, location: 2F 0-1: Ball 1-1: Swinging Strike 1-2: Ball 2-2: SINGLE (Line Drive, 34D, EV 95.0 MPH)
|
Batting: LHB Mario Molina
|
0-0: Sac Bunt to P - play at first, batter safe! Luis Orellana to second
|
Batting: LHB Carlos Gaona
|
0-0: Ball 1-0: Called Strike 1-1: Foul Ball, location: 2F 1-2: Foul Ball, location: 2F 1-2: Foul Ball, location: 2F 1-2: Ball 2-2: Strikes out swinging
|
Batting: LHB Jonathan Sosa
|
0-0: Ball 1-0: Grounds into double play, 5-4-3 (Groundball, 56, EV 104.4 MPH)
|
Top of the 9th over - 0 runs, 2 hits, 0 errors, 1 left on base; University of California 5 - Ohio State University 3 |
BOTTOM OF THE 9TH |
Ohio State University Buckeyes batting - Pitching for University of California Golden Bears : RHP Luis Rojas
|
Pitching: LHP Chee-hwa Thean
|
|
Batting: RHB Bo Wu
|
0-0: Ball 1-0: Fly out, F8 (Line Drive, 8RM, EV 95.0 MPH)
|
Batting: RHB David Guillen
|
0-0: Called Strike 0-1: Swinging Strike 0-2: Ground out 6-3 (Groundball, 6, EV 86.2 MPH)
|
Batting: RHB Jacob Carrano
|
0-0: Called Strike 0-1: Foul Ball, location: 2F 0-2: Strikes out looking
|
Bottom of the 9th over - 0 runs, 0 hits, 0 errors, 0 left on base; University of California 5 - Ohio State University 3 |
|